Unix xNetHack Version 7.1.0 - last build Jun 10 2022 16:52:22 (33bbff3b7d1ce07880d5c4b1c5efc7e91935e5b9). Game began 2022-07-03 21:01:41, ended 2022-07-03 21:14:41. nmlkj, chaotic male human Wizard ---------------- --- |..........--..-- --.-- ---- |.--..----......| |...| |..--- |.|---- ----...| ---- --- --.-- --...|------.-- |...| |..| ---.---- ---.| --...--.|.....| |..--- |..| ----|......-- ---...| |.............--- |....| |.-- |..||.......-- |.....--- |-...)....%<....--- ----.| |.--- --..|--.......| |...|...|-- |.........--......------ |.--|...| |...--|.......| |.-----.|.-- --..---..-||..|...(--..| |..----.| |....|---.....| ---.| --.....| ---- --..|------......| --..|-..| --.------.....| |...| |......-- -------------.>..-- --.|...| |.| |.....--- ----.--- --......| ---.....}}.}}......| --.--..|----.|---.----- ------....| |-....-- --|....---}..----...-| |......--....|....------------........-- |.....-- --.|...-- |}}..--|..@.| |..........--......|...........----...| --.....| |......-- --}}.}---...--- --.................--.----------- ----- |-...-| --.^|...| -----.--.....|--.....................| --.....| -----.-- |........||.............-...------ |.....-- --- |.....|.----.|............--- ---..-- --.|.---- ----.----------- ---- ----- --- Nmlkj the Conjurer St:9 Dx:14 Co:16 In:18 Wi:9 Ch:9 Chaotic S:1340 Dlvl:6 $:46 HP:0(36) Pw:50(50) AC:7 Xp:5/251 T:1271 Satiated Latest messages: You try to crawl out of the water. Pheew! That was close. You fall into the pool of water! You sink like a rock. Your diluted orange potion dilutes further. Your diluted cyan potion dilutes further. Your daggers rust further! Your scroll labeled STRC PRST SKRZ KRK fades. You try to crawl out of the water. Pheew! That was close. You fall into the pool of water! You sink like a rock. Your daggers rust completely! You try to crawl out of the water. Pheew! That was close. You fall into the pool of water! You sink like a rock. You try to crawl out of the water. Pheew! That was close. You fall into the pool of water! You sink like a rock. Your diluted brown potion dilutes further. You try to crawl out of the water. Pheew! That was close. You fall into the pool of water! You sink like a rock. You try to crawl out of the water. Pheew! That was close. You fall into the pool of water! You sink like a rock. You try to crawl out of the water. Pheew! That was close. You fall into the pool of water! You sink like a rock. You try to crawl out of the water. Pheew! That was close. You fall into the pool of water! You sink like a rock. You try to crawl out of the water. Pheew! That was close. You fall into the pool of water! You sink like a rock. You try to crawl out of the water. Pheew! That was close. What do you want to eat? You resume your meal. You're having a hard time getting all of it down. Continue eating? [yn] (n) y You choke over your food. You die... Major events: Turn 1: nmlkj the chaotic male human Wizard entered the dungeon 517: attained the rank of Conjurer (level 3) 952: entered the Gnomish Mines 1271: choked on a food ration Inventory: Inventory: 567/675 weight (23/52 slots) Coins $ - 46 gold pieces {1} Weapons x - 5 blessed rustproof +1 daggers {50} y - 3 thoroughly rusty +0 daggers {30} a - a blessed +1 quarterstaff (weapon in hands) {40} Armor b - an uncursed +0 cloak of magic resistance (being worn) {8} w - an uncursed +0 leather light armor (being worn) {113} Comestibles l - an uncursed partly eaten food ration {8} m - an uncursed pancake {2} k - 2 uncursed lichen corpses {40} Scrolls q - an uncursed scroll of blank paper {5} B - an uncursed scroll of blank paper {5} Spellbooks c - a blessed spellbook of blank paper {30} d - a blessed spellbook of blank paper {30} t - a blessed spellbook of blank paper {30} e - an uncursed spellbook of blank paper {30} f - an uncursed spellbook of blank paper {30} n - an uncursed spellbook of blank paper {30} Potions g - an uncursed potion of water {20} i - an uncursed potion of water {20} j - an uncursed potion of water {20} v - an uncursed potion of water {20} Tools u - an uncursed leather blindfold {3} A - an uncursed tallow candle {2} Gems/Stones o - an uncursed worthless piece of red glass {1} Nmlkj the Wizard's attributes: Background: You were a Conjurer, a level 5 male human Wizard. You were chaotic, nominally on a mission for Anhur who was opposed by Ptah (lawful) and Thoth (neutral). You were heterosexual. You were in the Gnomish Mines, on level 6. You entered the dungeon 1271 turns ago. You had 251 experience points, 69 more were needed to attain level 6. Your score was 1340 before end-of-game adjustments. Basics: You had 0 out of 36 hit points. You had all 50 energy points (spell power). Your armor class was 7. Your wallet contained 46 zorkmids. Autopickup was on for '$"?+!=/' plus thrown. Final Characteristics: Your strength was 9 (limit:18/100). Your dexterity was 14 (limit:18). Your constitution was 16 (limit:18). Your intelligence was 18 (limit:18). Your wisdom was 9 (limit:18). Your charisma was 9 (limit:18). Final Status: You were satiated. You were unencumbered. You were wielding a quarterstaff. You had basic skill with quarterstaff. Final Attributes: You were devoutly aligned. You were magic-protected. You could recognize detrimental food. You were warded. You are dead. Miscellaneous: You never encountered a bones level. Total elapsed playing time was 13 minutes. Vanquished creatures: a gnome leader a little dog 2 dwarves a giant bat an orc zombie a werejackal an iguana an acid blob a coyote a gas spore 3 hobbits a green mold a red mold 12 gnomes 2 geckos 5 jackals 2 kobolds a goblin a sewer rat a grid bug 5 lichens 4 newts 49 creatures vanquished. No species were genocided or became extinct. Voluntary challenges: You were an atheist. You read items or engraved 5 times. You never genocided any monsters. You never polymorphed an object. You never changed form. You never touched an artifact. You used no wishes. You never owned a pet. You never scared an enemy with impunity. You were celibate. You never generated conflict. Achievements: You attained the rank of Conjurer. You entered a shop. You entered the Gnomish Mines. The Dungeons of Doom: levels 1 to 4 Level 1: A fountain. Level 2: A fountain, a grave. Level 3: A general store, a fountain, a sink. Level 4: A grave. Stairs down to The Gnomish Mines. The Gnomish Mines: levels 5 to 6 Level 5: Level 6: <- You were here. Final resting place for you, choked on a food ration. Game over: __________ / \ / REST \ / IN \ / PEACE \ / \ | nmlkj | | 46 Au | | choked on a food | | ration | | | | | | 2022 | *| * * * | * _________)/\\_//(\/(/\)/\//\/|_)_______ Goodbye nmlkj the Wizard... You choked in The Gnomish Mines on dungeon level 6 with 1336 points, and 46 pieces of gold, after 1271 moves. You were level 5 with a maximum of 36 hit points when you choked.